 Dungeon Crawl Stone Soup version 0.32-a0-612-g1c984fe9d1 (webtiles) character file.

Game seed: 8722597468772649944

51865 Strat the Eclecticist (level 14, 149/149 HPs)
             Began as an Oni Hedge Wizard on Mar 4, 2024.
             Was a High Priest of Beogh.
             Quit the game on level 5 of the Lair of Beasts.
             The game lasted 01:00:58 (18657 turns).

Strat the Eclecticist (Oni Hedge Wizard)           Turns: 18657, Time: 01:00:59

Health: 149/149    AC: 13    Str: 18    XL:     14   Next: 61%
Magic:  35/35      EV: 12    Int: 16    God:    Beogh [*****.]
Gold:   1938       SH:  0    Dex:  9    Spells: 17/47 levels left

rFire   . . .        b - +8 eveningstar
rCold   . . .        (no shield)
rNeg    + . .        H - +2 steam dragon scales
rPois   +            c - +1 hat
rElec   .            v - +2 ratskin cloak {*Rats rPois rN+ Str-1 Int-1 Dex+1}
rCorr   .            (gloves unavailable)
SInv    .            (boots unavailable)
Will    +....        K - amulet of regeneration
Stlth   +            e - ring of wizardry
HPRegen 1.24/turn    i - ring of wizardry
MPRegen 0.24/turn

%: wizardry (x2)
@: no status effects
A: walk on water, large, unfitting armour, horns 1, tough skin 1, double potion
healing, drunken brawling
a: Renounce Religion, Smiting, Recall Apostles, Blood for Blood, Dismiss Zorug,
priest, Dismiss Milork, priest, Dismiss Orkwin, warrior


You were on level 5 of the Lair of Beasts.
You worshipped Beogh.
Beogh was extremely pleased with you.
You visited 3 branches of the dungeon, and saw 17 of its levels.

You collected 1938 gold pieces.

Inventory:

Hand Weapons
 a - the +10 short sword of Misery {speed, Int+3 Dex+4}
   (You found it on level 4 of the Dungeon)

   Int+3:     It affects your intelligence (+3).
   Dex+4:     It affects your dexterity (+4).
 b - a +8 eveningstar (weapon)
Missiles
 g - 167 stones
 j - 21 poisoned darts
 o - 10 javelins
 r - 4 atropa-tipped darts
 s - 5 throwing nets
 C - 6 curare-tipped darts
Armour
 c - a +1 hat (worn)
 v - the +2 ratskin cloak (worn) {*Rats rPois rN+ Str-1 Int-1 Dex+1}
   (You found it on level 6 of the Dungeon)

   *Rats:     When the wearer is hurt, rats may emerge from it to assist them.
   Str-1:     It affects your strength (-1).
   Int-1:     It affects your intelligence (-1).
   Dex+1:     It affects your dexterity (+1).
   rPois:     It protects you from poison.
   rN+:       It protects you from negative energy.
 H - +2 steam dragon scales (worn)
 I - +0 acid dragon scales
Jewellery
 e - a ring of wizardry (left hand)
 i - a ring of wizardry (right hand)
 l - a ring of poison resistance
 x - an amulet of guardian spirit
 z - an amulet of reflection
 K - an amulet of regeneration (around neck)
 L - a ring of magical power
 U - an amulet of faith
 V - a ring of protection from cold
Wands
 q - a wand of roots (26)
 w - a wand of flame (38)
 y - a wand of polymorph (15)
 E - a wand of charming (32)
 G - a wand of digging (12)
 R - a wand of acid (6)
Scrolls
 f - 5 scrolls of silence
 h - 5 scrolls of immolation
 m - 4 scrolls of teleportation
 n - a scroll of revelation {unknown}
 t - 6 scrolls of identify
 F - 2 scrolls of fear
 M - a scroll of butterflies {unknown}
 N - a scroll of vulnerability
 Q - a scroll of fog
 S - a scroll of blinking
Potions
 d - 4 potions of magic
 k - 4 potions of mutation
 p - 2 potions of curing
 u - a potion of heal wounds
 A - 2 potions of attraction
 B - a potion of lignification
 D - 2 potions of resistance
 J - a potion of haste
 O - a potion of ambrosia
 P - 3 potions of degeneration
 T - 2 potions of brilliance


   Skills:
 - Level 12.0 Fighting
 + Level 9.9 Maces & Flails
 - Level 5.0 Throwing
 - Level 5.0 Armour
 - Level 8.6 Dodging
 - Level 1.4 Stealth
 + Level 17.1 Spellcasting
 - Level 2.0 Conjurations
 - Level 2.0 Summonings
 - Level 5.0 Translocations
 - Level 8.0 Invocations


You had 17 spell levels left.
You knew the following spells:

 Your Spells              Type           Power      Damage    Failure   Level
a - Magic Dart            Conj           80%        1d7       1%          1
b - Blink                 Tloc           58%        N/A       1%          2
c - Call Imp              Summ           40%        N/A       1%          2
d - Mephitic Cloud        Conj/Alch/Air  15%        N/A       2%          3
e - Tukima's Dance        Hex            13%        N/A       3%          3
f - Iskenderun's Mystic   Conj/Tloc      24%        2d7       3%          4
g - Lesser Beckoning      Tloc           58%        N/A       1%          2
h - Dimensional Bullseye  Hex/Tloc       10%        N/A       4%          4
i - Summon Blazeheart Go  Fire/Summ      16%        N/A       8%          4
j - Summon Mana Viper     Hex/Summ       16%        N/A       21%         5

Your spell library contained the following spells:

 Spells                   Type           Power      Damage    Failure   Level
 Shock                    Conj/Air       64%        1d7       1%          1
 Slow                     Hex            52%        N/A       1%          1
 Summon Small Mammal      Summ           80%        N/A       1%          1
 Cigotuvi's Dreadful Rot  Necr/Alch/Air  26%        N/A       1%          2
 Call Canine Familiar     Summ           20%        N/A       1%          3
 Gell's Gravitas          Tloc           29%        N/A       1%          3
 Teleport Other           Tloc           29%        N/A       1%          3
 Summon Ice Beast         Ice/Summ       16%        N/A       2%          3
 Sigil of Binding         Hex            13%        N/A       3%          3
 Swiftness                Air            13%        N/A       3%          3
 Airstrike                Air            6%         2d(1-17)  12%         4
 Anguish                  Hex/Necr       6%         N/A       12%         4
 Cause Fear               Hex            6%         N/A       12%         4
 Monstrous Menagerie      Summ           10%        N/A       97%         7
 Enfeeble                 Hex            6%         N/A       100%        7


Dungeon Overview and Level Annotations

Branches:
Dungeon (11/15)            Temple (1/1) D:5            Lair (5/5) D:10
 Shoals (0/4) Lair:3       Spider (0/4) Lair:3        Slime (0/5) Lair:4
    Orc: D:9-12

Altars:
Ashenzari
Cheibriados
Dithmenos
Elyvilon
Fedhas
Gozag
Hepliaklqana
Kikubaaqudgha
Makhleb
Nemelex Xobeh
Okawaru
Qazlal
Ru
Sif Muna
Trog
Uskayaw
Vehumet
Wu Jian
Xom
Yredelemnul
Zin
The Shining One

Shops:
D:5 =

Annotations:
D:3 1 runed translucent door, Crazy Yiuf, Grinder
D:4 Menkaure
D:6 2 transporters, TheLasagnaBaron's ghost, novice OnBe
D:7 3 runed translucent doors, Lemondrips's ghost, novice CoHu


Innate Abilities, Weirdness & Mutations

You can walk on water.
Your facial features are unmistakably orcish.
You are too large for most types of armour.
You have a pair of small horns on your head.
You have tough skin. (AC +1)
You gain doubled healing and magic from potions.
Whenever you drink a healing potion, you attack all around you.


Message History

You swap places.
You swap places.
You swap places.
A cane toad comes into view.
There is an empty arch of ancient stone here.
You impale the cane toad!! You headbutt the cane toad.
The cane toad is severely wounded.
The cane toad stings you!
You puncture the cane toad!
The cane toad is almost dead.
The cane toad stings you!
You puncture the cane toad!
You kill the cane toad!
Beogh accepts your kill.
No target in view!
Unknown command.
You see here a cane toad corpse.
Orkwin says, "I fight for Strat, for Beogh shepherds all!"
HP restored.
You swap places.
Found a ring mail.
Milork hits the plant with the +7 flail "Ohautz"!
The plant begins to die.
Milork freezes the plant.
A nearby plant withers and dies.
Found a pair of embroidered gloves.
Found 3 gold pieces, a glowing shortbow and a glowing battleaxe.
Found a club and a scroll of teleportation.
n - a scroll labelled TEIR BITUPP
M - a scroll labelled ENIDYR DOQOTZ You swap places.
You see here a +1 pair of gloves.
You now have 1935 gold pieces (gained 32).
You see here a +4 battleaxe of electrocution.
m - 4 scrolls of teleportation (gained 1)
You now have 1938 gold pieces (gained 3).
You swap places.
You see here a +1 pair of gloves.
You swap places.
You see here a +1 shortbow of freezing.
Are you sure you want to abandon this character and quit the game? (Confirm with "yes".)

# ≈~~~~~~~~###~~~~~≈~P..
.# ~~~~P~~~###~~~~~~~~~
... ~~P~~~####≈~~~~~~~P
#### ...~
~~~~~~~~~#~~~≈≈~~.
####[#. ##.~ ~≈≈≈~~~~~~~
###~#~~~~ # P~
≈~~~~~~~~~### ##≈#~≈~≈~.
≈~~≈~.~~~~~~####~~~~~~~~.
≈~≈~.~~~o.)~~.~~~~~≈~~~~~
~~~~~~~.@o.~~~~~~~≈≈~~~P.
~~~~.~~)o.P~.~~~≈≈≈≈≈~~..
~≈####~~~~~.~~~~~≈≈P~~~..
###~~.~~~~P~~~~~~~..
~~≈≈~~~~~~≈~~~~~P~..
~~~#≈≈~~P≈~~~~~~~.P.
~~~~####~~P~≈~~~~~...
~~≈###≈~~~~≈~~~P~P~..
~~~# #~~~~≈P~~P~~.....


You could see the friendly Milork the orc apostle, the friendly Orkwin the orc
apostle and the friendly Zorug the orc apostle.

Vanquished Creatures
  Harold (D:9)
  A boulder beetle (Lair:5)
  A catoblepas (Lair:1)
  4 two-headed ogres
  Urug (Lair:1)
  3 death yaks (Lair:5)
  3 skysharks
  A goliath frog (Lair:5)
  A dancing weapon (D:6)
  A manticore (D:11)
  2 black mambas
  3 elephants (Lair:2)
  Maggie (Lair:1)
  A torpor snail (Lair:4)
  7 cane toads
  2 rime drakes
  2 komodo dragons
  A tyrant leech (Lair:5)
  4 trolls
  2 hornets
  2 polar bears
  9 blink frogs
  3 dream sheep (Lair:4)
  A centaur simulacrum (D:10)
  A wraith (D:11)
  23 yaks
  2 wyverns
  Grum (D:6)
  2 steam dragons
  5 vampire mosquitoes
  Edmund (D:6)
  7 water moccasins
  Duvessa (D:6)
  An acid dragon (D:9)
  Pargi (D:4)
  3 black bears
  An ice beast (D:6)
  6 wolves
  4 centaurs
  2 phantoms
  Blork the orc (D:6)
  3 kobold brigands
  9 bullfrogs
  2 gnoll sergeants (D:6)
  Dowan (D:6)
  3 killer bees (D:9)
  An electric eel (Lair:3)
  5 howler monkeys (D:9)
  4 bombardier beetles
  A jelly (D:5)
  20 hounds
  3 orc priests
  2 gnoll boudas
  A sleepcap (D:8)
  2 hell rats (Lair:1)
  3 iguanas
  8 orc wizards
  16 gnolls
  3 adders (D:4)
  A white imp (D:3)
  2 ufetubi (D:6)
  24 orcs
  3 ball pythons
  8 endoplasms
  4 giant cockroaches
  4 goblins
  5 hobgoblins
  7 jackals
  3 quokkas
  4 bats
  4 frilled lizards
  24 kobolds
  9 rats
308 creatures vanquished.

Vanquished Creatures (collateral kills)
  2 hydras
  4 death yaks (Lair:5)
  A skyshark (Lair:5)
  An orb spider (Lair:3)
  A lindwurm (Lair:4)
  An oklob plant (Lair:5)
  4 elephants (Lair:2)
  2 black mambas
  7 cane toads
  A rime drake (Lair:3)
  9 komodo dragons
  A troll (D:11)
  A hornet (Lair:3)
  18 blink frogs
  7 dream sheep (Lair:4)
  A tyrant leech (Lair:5)
  3 basilisks
  A shadow (D:10)
  4 wyverns
  14 yaks
  4 vampire mosquitoes
  An acid dragon (D:11)
  10 water moccasins
  5 wolves
  7 bullfrogs
  A scorpion (D:5)
  4 electric eels
  2 hounds
  2 scrub nettles (Lair:2)
  Ijyb (D:4)
  An iguana (D:4)
  2 hell rats (Lair:1)
  2 gnolls
  An adder (D:4)
  A river rat (Lair:1)
  A ribbon worm (D:4)
  2 orcs
  2 endoplasms (D:3)
  4 jackals
  A kobold (D:1)
  A ball python (D:4)
  3 rats (Lair:1)
  A butterfly (Lair:3)
142 creatures vanquished.

Vanquished Creatures (others)
  2 dancing weapons
  A cyclops (D:11)
  An orc apostle (Lair:2)
  2 orc priests
  An orc wizard (D:9)
  An orc (D:8)
  4 blazeheart cores (D:11)
12 creatures vanquished.

Grand Total: 462 creatures vanquished

Notes
Turn   | Place    | Note
-------+----------+-------------------------------------------
     0 | D:1      | Strat the Oni Hedge Wizard began the quest for the Orb.
     0 | D:1      | Reached XP level 1. HP: 16/16 MP: 5/5
   248 | D:1      | Reached skill level 1 in Fighting
   322 | D:1      | Reached XP level 2. HP: 26/27 MP: 3/6
   349 | D:1      | Learned a level 2 spell: Blink
   352 | D:1      | Learned a level 2 spell: Call Imp
   437 | D:1      | Reached skill level 4 in Spellcasting
   847 | D:1      | Reached XP level 3. HP: 30/35 MP: 5/8
  1533 | D:2      | Learned a level 3 spell: Mephitic Cloud
  1684 | D:2      | Reached skill level 1 in Summonings
  1687 | D:2      | Reached skill level 1 in Conjurations
  1973 | D:2      | Reached XP level 4. HP: 44/44 MP: 10/10
  2206 | D:3      | Found a runed translucent door.
  2207 | D:3      | Noticed Crazy Yiuf
  2232 | D:3      | HP: 2/45 [burnt (7)]
  2233 | D:3      | Reached XP level 5. HP: 2/53 MP: 12/12
  2696 | D:3      | Noticed Grinder
  3034 | D:3      | Learned a level 3 spell: Tukima's Dance
  3432 | D:4      | Reached skill level 5 in Spellcasting
  3483 | D:4      | Reached skill level 1 in Translocations
  3743 | D:4      | Noticed Pargi
  3783 | D:4      | Reached XP level 6. HP: 62/62 MP: 13/13
  3788 | D:4      | Learned a level 4 spell: Iskenderun's Mystic Blast
  3991 | D:4      | Noticed Menkaure
  4002 | D:5      | Entered Level 5 of the Dungeon
  4021 | D:4      | Noticed Ijyb
  4039 | D:4      | Killed Ijyb
  4175 | D:4      | You fall into a shaft and drop 1 floor!
  4445 | D:4      | Killed Pargi
  4446 | D:4      | Reached skill level 5 in Fighting
  4456 | D:4      | Identified the +10 short sword of Misery {speed, Int+3
                  | Dex+4}
  4958 | D:5      | Found a staircase to the Ecumenical Temple.
  5037 | D:5      | Reached XP level 7. HP: 67/72 MP: 12/15
  5179 | Temple   | Entered the Ecumenical Temple
  5221 | D:5      | Reached skill level 6 in Spellcasting
  5368 | D:5      | Learned a level 2 spell: Lesser Beckoning
  5517 | D:5      | Found Tiniupid's Jewellery Shoppe.
  5874 | D:5      | Reached XP level 8. HP: 63/84 MP: 14/18
  6079 | D:6      | Noticed Edmund
  6101 | D:6      | Noticed Blork the orc
  6102 | D:6      | Killed Edmund
  6103 | D:6      | Reached skill level 7 in Spellcasting
  6208 | D:6      | Killed Blork the orc
  6467 | D:6      | Noticed a hornet
  6472 | D:6      | Noticed TheLasagnaBaron's ghost (novice OnBe)
  6483 | D:6      | Reached skill level 8 in Spellcasting
  6493 | D:6      | Reached skill level 5 in Translocations
  6602 | D:6      | Noticed Duvessa
  6608 | D:6      | Became a worshipper of Beogh the Shepherd
  6781 | D:6      | Noticed Dowan
  6819 | D:6      | Killed Dowan
  6820 | D:6      | Reached XP level 9. HP: 93/93 MP: 4/21
  6830 | D:6      | Reached skill level 9 in Spellcasting
  7010 | D:6      | Found a transporter.
  7014 | D:6      | Found a transporter.
  7040 | D:6      | Killed Duvessa
  7071 | D:6      | Noticed Grum
  7356 | D:6      | Found the +2 ratskin cloak {*Rats rPois rN+ Str-1 Int-1
                  | Dex+1}
  7363 | D:6      | Found a glowing golden altar of the Shining One.
  7453 | D:6      | Reached * piety under Beogh
  7460 | D:6      | Killed Grum
  7624 | D:6      | Reached skill level 10 in Spellcasting
  8154 | D:7      | Found a runed translucent gate.
  8154 | D:7      | Found a runed translucent gate.
  8154 | D:7      | Found a runed translucent gate.
  8154 | D:7      | Noticed Lemondrips's ghost (novice CoHu)
  8154 | D:7      | Noticed a spectral unseen horror
  8963 | D:8      | Found a burning altar of Makhleb.
  9198 | D:8      | Found a white marble altar of Elyvilon.
  9248 | D:8      | Reached ** piety under Beogh
  9565 | D:9      | Reached XP level 10. HP: 110/110 MP: 24/24
  9612 | D:9      | Reached skill level 1 in Throwing
  9652 | D:9      | Reached skill level 10 in Fighting
  9873 | D:9      | Reached skill level 11 in Spellcasting
 10064 | D:9      | Noticed Harold
 10090 | D:9      | Killed Harold
 10201 | D:9      | Found a sacrificial altar of Ru.
 10201 | D:9      | Found a radiant altar of Vehumet.
 10502 | D:10     | Entered Level 10 of the Dungeon
 10575 | D:10     | Reached skill level 5 in Dodging
 10762 | D:10     | Reached XP level 11. HP: 111/120 MP: 15/26
 10882 | D:10     | Found a staircase to the Lair.
 11130 | D:10     | Learned a level 4 spell: Dimensional Bullseye
 11135 | D:10     | Learned a level 4 spell: Summon Blazeheart Golem
 11141 | D:10     | Learned a level 5 spell: Summon Mana Viper
 11352 | D:10     | Reached skill level 5 in Throwing
 11468 | D:10     | Noticed a two-headed ogre
 11483 | D:10     | Killed a two-headed ogre
 11484 | D:10     | Reached skill level 12 in Spellcasting
 11583 | D:10     | Found a glowing silver altar of Zin.
 11725 | D:11     | Noticed a two-headed ogre
 11741 | D:11     | Killed a two-headed ogre
 11903 | D:11     | Noticed a manticore
 12444 | D:11     | Reached skill level 1 in Invocations
 12455 | D:11     | Noticed a two-headed ogre
 12468 | D:11     | Killed a two-headed ogre
 12764 | D:11     | Noticed a two-headed ogre
 12787 | D:11     | Killed a two-headed ogre
 12888 | D:11     | Killed a manticore
 12988 | D:11     | Reached *** piety under Beogh
 13003 | D:11     | Identified the +2 morningstar "Xeufits" {freeze, MP+9}
 13019 | D:11     | Noticed a cyclops
 13036 | D:11     | Killed a cyclops
 13037 | D:11     | Reached skill level 13 in Spellcasting
 13046 | D:11     | Anointed Zorug the priest as your apostle
 13287 | Lair:1   | Entered Level 1 of the Lair of Beasts
 13305 | Lair:1   | Reached XP level 12. HP: 126/132 MP: 27/29
 13391 | Lair:1   | Identified a scroll of acquirement
 13391 | Lair:1   | Acquired 948 gold pieces
 13466 | Lair:1   | Reached skill level 5 in Invocations
 14039 | Lair:1   | Noticed Maggie
 14058 | Lair:1   | Killed Maggie
 14083 | Lair:1   | Identified the +7 flail "Ohautz" {freeze, rPois rN+ Dex+4}
 14083 | Lair:1   | Noticed Milork
 14104 | Lair:1   | Anointed Milork the priest as your apostle
 14445 | Lair:1   | Noticed a catoblepas
 14456 | Lair:1   | Killed a catoblepas
 14522 | Lair:1   | Noticed Urug
 14531 | Lair:1   | Killed Urug
 14931 | Lair:2   | Reached skill level 1 in Maces & Flails
 14955 | Lair:2   | Reached skill level 1 in Armour
 14957 | Lair:2   | Reached skill level 14 in Spellcasting
 14961 | Lair:2   | Reached **** piety under Beogh
 15180 | Lair:2   | Your ally Zorug died
 15188 | Lair:2   | Reached XP level 13. HP: 112/140 MP: 16/31
 15476 | Lair:2   | You fall into a shaft and drop 2 floors!
 16414 | Lair:3   | Identified the +6 flail of the Sharing Gods {pain, ^Fragile
                  | rElec Str+3}
 16420 | Lair:3   | Reached skill level 5 in Maces & Flails
 16429 | Lair:3   | Anointed Zartorak the priest as your apostle
 16628 | Lair:3   | Found a staircase to the Shoals.
 16836 | Lair:3   | Found a hole to the Spider Nest.
 17001 | Lair:3   | Reached skill level 15 in Spellcasting
 17341 | Lair:4   | Reached skill level 5 in Armour
 17660 | Lair:4   | Reached ***** piety under Beogh
 17734 | Lair:4   | Found a staircase to the Slime Pits.
 17960 | Lair:5   | Entered Level 5 of the Lair of Beasts
 18052 | Lair:5   | Reached XP level 14. HP: 123/149 MP: 33/33
 18055 | Lair:5   | Reached skill level 16 in Spellcasting
 18381 | Lair:5   | Found a gate leading to a gauntlet.
 18446 | Lair:5   | Reached skill level 17 in Spellcasting
 18512 | Lair:5   | Anointed Orkwin the warrior as your apostle
 18657 | Lair:5   | Quit the game

Illustrated notes

Levels and vault maps discovered:
D:1:      doesnt_arrival_eight_statues, layout_basic
D:2:      layout_loops_ring, kennysheep_generic_room_5
D:3:      layout_basic, uniq_crazy_yiuf_cottage, uniq_grinder
D:4:      layout_gridville, uniq_pargi, uniq_menkaure, uniq_ijyb
D:5:      layout_loops_ring, minmay_temple_entry_crystal_x, serial_shops,
          nicolae_shop_window_shopping
D:6:      layout_cave_pools, mainiacjoe_overflow_tiny_flanked,
          gammafunk_ghost_hive, serial_gnoll_camp, grums_kennel,
          gnoll_camp_mini_doghouse, gnoll_camp_mini_doghouse,
          gnoll_camp_huts_basic, uniq_duvessa, uniq_sigmund, uniq_blork_the_orc,
          uniq_edmund
D:7:      layout_loops_ring, gammafunk_ghost_necromancy
D:8:      layout_basic, mainiacjoe_overflow_six_doors_small, elyvilon_altar_1
D:9:      layout_basic, nicolae_overflow_two_pavilions, uniq_harold
D:10:     layout_basic, zin_treasury, due_lair_maze_entry_diamond
D:11:     layout_irregular_city
Temple:   nicolae_temple_x_marks_the_god
Lair:1:   layout_regular_city, grunt_forest_small_clearings,
          kennysheep_abandoned_house, uniq_maggie, uniq_urug
Lair:2:   layout_chaotic_city, evilmike_ambush [evilmike_ambush_outer_pillars,
          evilmike_ambush_inner_basic]
Lair:3:   layout_roguey, shoals_dummy_entry, nicolae_spider_entry_orb_guardian,
          minivault_23, serial_bayou_shore_a, serial_bayou_shore_b,
          lemuel_fruit_fields
Lair:4:   layout_big_grid, slime_entry_1, grunt_megastairs_1
Lair:5:   minmay_lair_end_frog_pond, layout_cellular_growth,
          gauntlet_entry_generic, disabler_island

Skill      XL: |  1  2  3  4  5  6  7  8  9 10 11 12 13 14 |
---------------+-------------------------------------------+-----
Fighting       | 1 2 3 4 5 6 7 9 11 12 | 12.0
Spellcasting   | 4 5 6 8 10 11 13 14 15 17 | 17.1
Summonings     | 1 2 |  2.0
Conjurations   | 1 2 |  2.0
Translocations | 1 2 3 5 |  5.0
Dodging        | 3 5 7 8 |  8.6
Throwing       | 4 5 |  5.0
Invocations    | 4 8 |  8.0
Maces & Flails | 3 7 9 |  9.9
Armour         | 2 5 |  5.0
Stealth        | |  1.4

Action                     |  1- 3 |  4- 6 |  7- 9 | 10-12 | 13-15 || total
---------------------------+-------+-------+-------+-------+-------++-------
  Melee: Short sword       |    33 |    13 |   332 |   391 |       ||   769
         Headbutt          |     5 |    15 |    65 |   127 |    48 ||   260
         Whip              |    42 |       |       |       |       ||    42
         Flail             |     1 |   102 |       |       |       ||   103
         Eveningstar       |       |       |       |    43 |   218 ||   261
   Cast: Magic Dart        |    65 |    11 |       |       |       ||    76
         Call Imp          |     3 |    23 |    18 |     4 |       ||    48
         Mephitic Cloud    |       |     4 |    35 |    42 |     4 ||    85
         Tukima's Dance    |       |     2 |     6 |     7 |       ||    15
         Iskenderun's Myst |       |       |     2 |     3 |       ||     5
         Summon Blazeheart |       |       |       |     6 |       ||     6
 Invoke: Convert to Beogh  |       |       |     1 |       |       ||     1
         Recruit Apostle   |       |       |       |     2 |     2 ||     4
         Recall Apostles   |       |       |       |       |     3 ||     3
         Smiting           |       |       |       |       |     2 ||     2
         Dismiss Apostle   |       |       |       |       |     1 ||     1
  Evoke: Wand              |       |     1 |       |     1 |     1 ||     3
    Use: Potion            |       |     2 |     1 |     3 |     6 ||    12
         Scroll            |       |     1 |    14 |     6 |     7 ||    28
   Stab: Sleeping          |     1 |     4 |     2 |       |       ||     7
         Confused          |       |     1 |    13 |    25 |     3 ||    42
         Distracted        |       |       |     1 |     1 |     7 ||     9
 Armour: Robe              |    59 |   127 |   164 |       |       ||   350
         Steam dragon scal |       |       |     9 |    69 |   272 ||   350
         Acid dragon scale |       |       |       |   255 |       ||   255
  Dodge: Dodged            |    35 |    66 |   137 |   214 |   169 ||   621

Table legend: (Time is in decaauts)
 A = Elapsed time spent in this place.
 B = Non-inter-level travel time spent in this place.
 C = Inter-level travel time spent in this place.
 D = Time resting spent in this place.
 E = Time spent auto-exploring this place.
 F = Levels seen in this place.
 G = Mean time per level.
                   A        B        C        D        E       F      G
               +--------+--------+--------+--------+--------+-----+--------+
         Total |  18509 |  17839 |    670 |   3885 |   9329 |  17 | 1088.8 |
       Dungeon |  13144 |  12593 |    551 |   2659 |   6804 |  11 | 1194.9 |
        Temple |      1 |      1 |      0 |      0 |      0 |   1 |    1.0 |
          Lair |   5363 |   5245 |    118 |   1225 |   2525 |   5 | 1072.6 |
               +--------+--------+--------+--------+--------+-----+--------+

Top non-repeatable levels by time:
  Lair:1: 1558 daAuts
    D:11: 1540 daAuts
     D:5: 1530 daAuts
     D:4: 1429 daAuts
     D:6: 1410 daAuts
     D:3: 1408 daAuts
  Lair:2: 1243 daAuts
    D:10: 1098 daAuts
     D:1: 1038 daAuts
     D:9: 1016 daAuts
     D:2: 994 daAuts
  Lair:3: 982 daAuts
  Lair:4: 874 daAuts
     D:8: 847 daAuts
     D:7: 830 daAuts
